Map: Lightshade LE

Players

BlackLipstik - Winner!

  • Race: Zerg Zerg
  • League: Diamond

Osiris

  • Race: Terran Terran
  • League: Master

VOD

Have the link to the VOD?

Description

Time

  • Played on: April 25, 2021, 11:36 a.m.
  • Length: 22:31
Show
View Real Time Build Order
Export as new Build Order

BlackLipstik Zerg - Winner!

Build Orders: Pool First, Lurkers 

Get SALT Encoding   

  12  0:03  Drone  
  13  0:16  Extractor  
  12  0:25  Spawning Pool  
  12  0:27  Drone  
  12  0:34  Drone  
  13  0:41  Overlord  
  13  0:53  Drone  
  14  1:12  Zergling x6  
  17  1:20  Metabolic Boost  
  17  1:25  Zergling x2  
  18  1:28  Queen  
  20  1:34  Drone  
  21  1:58  Hatchery  
  20  2:08  Queen  
  20  2:12  Overlord  
  22  2:31  Drone x3  
  25  2:41  Spore Crawler  
  25  2:53  Drone  
  25  2:56  Drone x2  
  28  3:05  Drone  
  29  3:15  Drone x2  
  31  3:20  Drone  
  32  3:27  Pneumatized Carapace  
  32  3:29  Drone x2  
  32  3:30  Hatchery  
  33  3:34  Overlord  
  33  3:39  Drone  
  34  3:43  Drone  
  34  3:47  Overlord  
  35  3:48  Drone  
  36  3:55  Queen  
  36  3:58  Drone  
  36  4:02  Overlord  
  39  4:05  Drone  
  40  4:15  Zergling x2  
  40  4:16  Zergling x8  
  45  4:21  Queen  
  47  4:34  Spore Crawler  
  47  4:37  Drone  
  47  4:39  Spore Crawler  
  47  4:40  Drone x2, Spore Crawler  
  47  4:41  Drone  
  47  4:42  Drone  
  47  4:44  Drone  
  50  4:48  Drone  
  51  4:55  Spore Crawler  
  51  4:58  Drone  
  51  5:01  Drone  
  51  5:04  Drone  
  53  5:07  Drone  
  53  5:08  Drone  
  53  5:09  Evolution Chamber, Roach Warren  
  53  5:16  Zergling x2  
  53  5:17  Zergling x8  
  59  5:28  Drone x2  
  59  5:29  Drone  
  59  5:31  Drone  
  59  5:32  Drone  
  59  5:33  Extractor  
  59  5:34  Drone x3  
  65  5:35  Zerg Missile Weapons Level 1  
  65  5:41  Lair  
  65  5:48  Drone  
  66  5:52  Spore Crawler, Overlord  
  66  5:56  Overlord  
  65  6:07  Drone  
  65  6:11  Queen x2  
  66  6:13  Drone x2  
  66  6:14  Overlord x2  
  66  6:15  Drone x4  
  66  6:16  Drone  
  77  6:19  Drone  
  77  6:22  Drone  
  77  6:23  Drone x2  
  81  6:27  Overlord  
  81  6:28  Overlord  
  81  6:30  Drone  
  82  6:36  Extractor  
  80  6:42  Drone x7  
  84  6:51  Hydralisk Den  
  83  6:59  Drone x2, Extractor  
  83  7:01  Extractor, Roach x6  
  95  7:02  Glial Reconstitution  
  95  7:06  Drone  
  96  7:10  Extractor  
  96  7:11  Drone x3  
  98  7:15  Overlord  
  98  7:16  Overlord  
  98  7:17  Roach x2  
  98  7:22  Grooved Spines  
  102  7:23  Hatchery, Drone  
  102  7:24  Overlord  
  102  7:25  Hydralisk  
  104  7:30  Hydralisk x2  
  108  7:37  Zerg Missile Weapons Level 2  
  108  7:42  Drone x3  
  108  7:43  Drone x3  
  114  7:44  Zergling x2  
  114  7:45  Zergling x4  
  114  7:51  Evolution Chamber, Baneling Nest, Drone  
  117  7:53  Evolution Chamber, Drone  
  117  7:54  Drone  
  117  7:56  Drone  
  118  8:08  Hatchery  
  117  8:13  Hydralisk  
  117  8:14  Hydralisk x4  
  117  8:16  Overlord  
  127  8:24  Overlord  
  127  8:27  Overlord  
  127  8:38  Hydralisk  
  127  8:39  Hydralisk x4  
  138  8:52  Baneling x4, Centrifical Hooks  
  138  8:53  Zerg Melee Weapons Level 1, Zerg Ground Armor Level 1  
  138  8:54  Zergling x2  
  138  8:55  Zergling x32  
  155  8:58  Baneling x5  
  155  9:02  Overlord  
  155  9:05  Overlord x2  
  155  9:12  Lurker Den  
  154  9:24  Overseer x2  
  154  9:31  Muscular Augments  
  154  9:36  Infestation Pit  
  153  9:56  Burrow  
  153  10:03  Drone x14  
  153  10:04  Drone x9  
  153  10:06  Overlord x5  
  176  10:10  Hatchery, Spore Crawler  
  176  10:11  Spore Crawler  
  176  10:12  Zergling x6  
  176  10:14  Baneling  
  176  10:15  Baneling x10  
  176  10:16  Baneling x2  
  176  10:17  Baneling x2  
  176  10:18  Baneling  
  176  10:25  Hive  
  174  11:00  Tunneling Claws  
  174  11:03  Extractor  
  174  11:04  Spire, Pathogen Glands  
  171  11:05  Extractor, Overlord x3  
  171  11:06  Overlord  
  156  11:36  Zerg Missile Weapons Level 3, Zerg Melee Weapons Level 2, Zerg Ground Armor Level 2  
  156  11:40  Adrenal Glands  
  154  11:55  Baneling x13  
  154  11:56  Baneling x5  
  154  11:57  Baneling  
  156  12:08  Lurker x2  
  156  12:19  Spine Crawler  
  156  12:20  Spine Crawler  
  139  12:57  Hydralisk  
  139  12:58  Hydralisk x18  
  142  13:01  Zergling x44  
  142  13:02  Zergling x4  
  199  13:24  Hatchery  
  199  13:25  Extractor  
  193  13:27  Lurker  
  193  13:28  Lurker x7  
  193  13:29  Extractor  
  188  13:46  Zergling x2  
  188  13:47  Zergling x32  
  191  13:50  Zergling x2  
  183  14:02  Zergling x10  
  178  14:04  Baneling x17  
  178  14:09  Zergling x6  
  180  14:10  Zergling x2  
  179  14:23  Zergling x12  
  169  14:43  Queen x2  
  146  15:00  Corruptor x3  
  146  15:01  Corruptor x6  
  164  15:09  Drone x6  
  164  15:10  Drone x2  
  164  15:14  Zergling x12  
  162  15:21  Hydralisk  
  164  15:24  Neural Parasite  
  164  15:25  Infestor x5  
  176  15:31  Greater Spire  
  176  15:33  Zerg Melee Weapons Level 3  
  176  15:41  Zergling x12  
  182  15:55  Baneling x10  
  182  15:56  Baneling x5  
  183  15:57  Zergling x30  
  183  15:58  Zergling x6  
  200  16:14  Hatchery, Extractor  
  200  16:17  Extractor  
  197  16:23  Baneling x7  
  186  16:46  Hatchery  
  181  16:48  Brood Lord x9  
  181  16:51  Overseer x4  
  199  17:13  Spore Crawler  
  199  17:14  Spore Crawler  
  184  17:52  Hydralisk  
  177  18:02  Infestor x5  
  141  18:34  Zergling x2  
  141  18:35  Zergling x32  
  154  18:51  Drone  
  154  18:53  Drone x9  
  154  18:54  Drone x5  
  169  18:56  Drone x4  
  173  19:05  Drone x4  
  167  19:10  Hydralisk x3  
  167  19:11  Hatchery  
  167  19:15  Infestor  
  167  19:16  Infestor x2  
  157  19:41  Hydralisk  
  157  19:42  Hydralisk x14  
  187  19:46  Infestor x2  
  187  19:49  Zergling x2  
  158  20:19  Hydralisk x17  
  158  20:20  Hydralisk  
  174  20:33  Hydralisk x7  
  188  20:36  Lurker  
  188  20:37  Lurker x11  
  200  20:56  Drone  
  200  20:57  Drone x5  
  200  21:03  Extractor  
  199  21:23  Spine Crawler  
  199  21:24  Spine Crawler  
  199  21:25  Spine Crawler  
  196  21:26  Spine Crawler  
  196  21:29  Spore Crawler  
  196  21:30  Spine Crawler  
  196  21:31  Spore Crawler  
  196  21:32  Spine Crawler x2  
  190  21:33  Drone x11, Spine Crawler  
  190  21:34  Spore Crawler  
Show
View Real Time Build Order
Export as new Build Order

Osiris Terran 

Build Orders: Reaper Expand, Hellion Banshee 

Get SALT Encoding   

  12  0:00  SCV  
  13  0:12  SCV  
  14  0:17  Supply Depot  
  14  0:24  SCV  
  15  0:38  SCV  
  15  0:39  Barracks  
  16  0:43  Refinery  
  16  0:50  SCV  
  17  1:02  SCV  
  18  1:15  SCV  
  19  1:27  Orbital Command  
  19  1:28  Reaper  
  20  1:39  Command Center  
  20  1:49  Supply Depot  
  20  1:53  SCV  
  21  2:00  Marine  
  22  2:06  Command Center  
  22  2:10  SCV  
  23  2:16  Factory  
  23  2:22  Barracks Reactor  
  23  2:24  SCV  
  23  2:28  Refinery  
  24  2:37  SCV  
  25  2:49  SCV  
  26  3:01  SCV  
  27  3:06  Starport, Hellion  
  27  3:09  Barracks Tech Lab, Hellion  
  30  3:13  SCV  
  30  3:18  Orbital Command  
  31  3:25  SCV  
  32  3:27  Hellion  
  32  3:30  Hellion  
  36  3:37  SCV  
  36  3:41  Supply Depot  
  37  3:45  SCV  
  37  3:48  Banshee  
  41  3:49  SCV  
  42  3:56  Hellion x2  
  42  4:02  Supply Depot, SCV  
  47  4:03  SCV  
  47  4:07  Cloaking Field  
  48  4:14  SCV  
  49  4:25  SCV  
  49  4:31  SCV  
  51  4:34  Banshee  
  51  4:37  Orbital Command  
  54  4:38  Command Center  
  54  4:43  SCV  
  54  4:45  Engineering Bay  
  55  4:55  SCV  
  55  4:57  Barracks Tech Lab  
  55  4:59  Engineering Bay  
  56  5:00  Barracks  
  56  5:04  Factory Reactor  
  56  5:05  SCV  
  57  5:08  SCV  
  57  5:11  Terran Infantry Weapons Level 1  
  58  5:17  SCV  
  58  5:19  Stimpack  
  58  5:21  Barracks  
  59  5:26  SCV, Terran Infantry Armor Level 1  
  60  5:30  Refinery  
  60  5:34  SCV  
  61  5:38  SCV  
  61  5:42  Barracks  
  62  5:44  Barracks  
  62  5:51  SCV, Orbital Command  
  63  6:05  Marine x2  
  63  6:06  Siege Tank  
  63  6:07  Starport Reactor, Marine  
  63  6:08  SCV  
  70  6:12  Refinery  
  70  6:14  SCV  
  70  6:15  Supply Depot x2  
  70  6:16  Marine  
  70  6:17  Marine  
  73  6:19  SCV  
  73  6:21  SCV  
  75  6:26  Marine x2  
  77  6:33  Barracks Reactor x2  
  77  6:36  Marine  
  77  6:39  Supply Depot  
  78  6:46  Marine x4  
  82  6:49  Medivac, Siege Tank  
  82  6:50  Medivac  
  82  6:51  SCV  
  90  6:55  Supply Depot, SCV  
  90  6:56  Supply Depot  
  90  6:59  Combat Shield  
  90  7:00  Marine  
  92  7:03  Armory, Marine  
  92  7:04  Marine  
  92  7:07  Marine x2  
  96  7:08  SCV  
  96  7:09  SCV x2  
  96  7:12  Marine x4  
  96  7:15  Supply Depot  
  103  7:17  Marine  
  103  7:18  Supply Depot x2, Orbital Command  
  103  7:20  SCV  
  103  7:21  SCV, Medivac, Marine  
  109  7:30  Supply Depot  
  109  7:42  Supply Depot  
  109  7:43  SCV  
  109  7:44  SCV x2  
  112  7:48  Marine x6  
  112  7:49  Marine x2  
  112  7:50  Siege Tank  
  112  7:51  Medivac x2  
  127  7:53  Supply Depot  
  127  7:59  Refinery  
  127  8:00  Factory  
  127  8:09  Marine x4  
  127  8:10  Marine x4  
  127  8:12  Missile Turret  
  135  8:22  SCV  
  135  8:23  Terran Infantry Weapons Level 2, Terran Infantry Armor Level 2  
  135  8:25  SCV, Marine  
  138  8:28  Drilling Claws  
  138  8:29  Marine x3  
  141  8:46  Factory Reactor  
  141  8:47  SCV x2  
  143  8:51  Refinery  
  143  8:53  Terran Vehicle And Ship Armor Level 1  
  143  8:54  Command Center  
  143  8:59  SCV x2  
  145  9:03  SCV  
  145  9:04  Marine  
  145  9:05  Marine x5  
  145  9:06  Marine x2  
  156  9:11  SCV  
  154  9:25  Marine x4  
  154  9:26  Marine x3  
  154  9:27  Widow Mine x2  
  154  9:28  Siege Tank  
  154  9:29  Marine  
  154  9:30  Marauder  
  154  9:31  Medivac x2  
  173  9:59  Supply Depot  
  173  10:00  Barracks x2, Marine x6  
  173  10:01  Marauder  
  173  10:05  Siege Tank, Medivac, Widow Mine x2, Marine  
  173  10:06  Barracks  
  191  10:13  Marine  
  192  10:18  Marine x3  
  195  10:21  Marine x3  
  195  10:22  Marauder  
  200  10:38  Supply Depot  
  200  10:40  Supply Depot  
  200  10:42  Supply Depot  
  200  10:46  Refinery  
  200  10:48  Refinery, Barracks Tech Lab  
  200  10:49  Barracks Tech Lab  
  200  10:57  Ghost Academy  
  200  11:00  Barracks Tech Lab  
  199  11:09  Missile Turret  
  199  11:11  SCV, Missile Turret  
  200  11:28  Command Center  
  197  12:11  Orbital Command  
  197  12:12  Personal Cloaking  
  197  12:13  Ghost  
  199  12:22  Factory  
  199  12:24  Factory  
  199  12:30  Factory  
  190  13:06  Command Center  
  190  13:11  Planetary Fortress  
  190  13:12  SCV x2  
  192  13:15  Command Center  
  192  13:28  Marauder, Marine  
  192  13:29  Marauder, Marine x2  
  192  13:30  Factory Tech Lab x3  
  187  13:46  Medivac x2, Siege Tank  
  187  13:48  Marine x4  
  172  13:58  Ghost x4  
  172  14:00  Siege Tank x3  
  172  14:13  Marine x3  
  172  14:14  Marine  
  171  14:18  Siege Tank, Marine  
  171  14:19  Marine x2  
  177  14:27  Marauder x2  
  177  14:29  Ghost x2  
  171  14:51  Marine x5, Marauder x2  
  185  14:52  Siege Tank x2  
  185  14:53  Siege Tank x2  
  185  14:58  Marauder  
  156  15:02  Orbital Command  
  156  15:03  Orbital Command  
  154  15:18  Ghost x4  
  162  15:24  Siege Tank  
  165  15:28  Supply Depot  
  165  15:30  Command Center  
  165  15:32  Refinery x2, SCV  
  166  15:37  Supply Depot  
  166  15:38  Siege Tank x3  
  166  15:39  Marine x5  
  166  15:40  Marine  
  181  15:44  Missile Turret  
  181  15:45  Missile Turret  
  181  15:49  Refinery  
  181  15:51  Widow Mine x2  
  185  15:58  Marine x4  
  189  16:05  Marine x2  
  191  16:12  Terran Infantry Armor Level 3, Terran Infantry Weapons Level 3  
  191  16:13  Terran Vehicle Weapons Level 1  
  191  16:16  Siege Tank  
  191  16:17  Siege Tank x2  
  194  16:59  Siege Tank  
  194  17:00  Siege Tank  
  200  17:02  Planetary Fortress  
  200  17:07  Missile Turret x2  
  200  17:40  Marine x2  
  172  18:06  Thor x4  
  166  18:24  Marine x2  
  166  18:25  Marine x6  
  166  18:26  Marine x2  
  161  18:27  Widow Mine x2  
  161  18:28  Viking x2  
  118  18:51  Thor  
  118  18:52  Thor  
  118  18:53  Orbital Command  
  129  18:58  Viking x2  
  129  19:02  Thor  
  139  19:04  Marauder, Marine x7  
  143  19:23  Marauder x2, Marine x3  
  143  19:24  Marine x4  
  143  19:25  Marine x3  
  122  19:41  Thor, Marine x3  
  122  19:42  Thor, Marine x3  
  122  19:46  Marine x2  
  122  19:47  Marine x2  
  118  20:05  Marine x3  
  118  20:06  Marine x9  
  128  20:17  Orbital Command  
  118  20:23  Marine x2  
  118  20:25  Marine x3  
  118  20:28  Marine x3  
  121  20:44  Refinery  
  121  20:46  Supply Depot, Refinery  
  121  20:56  Engineering Bay  
  121  20:57  Engineering Bay  
  121  21:00  Engineering Bay  
  121  21:01  Refinery  
  121  21:08  Marine x12  
  133  21:13  Orbital Command  
  133  21:22  Siege Tank x2  
  133  21:23  Siege Tank  
  142  21:25  Marine  
  142  21:26  Marine  
  144  21:42  Marine x4, Marauder x4  
  144  21:43  Marine x2  
  144  21:44  Medivac  
  160  21:47  Orbital Command  
  160  21:56  Siege Tank x2  
Tags
 
Add a new tag
Caveats
  • Supply blocks, unpowered buildings, or Contaminate may cause inaccurate times.
  • Supply counts are checked every 10 seconds.